 Dungeon Crawl Stone Soup version 0.24.0-123-gd5b16e6ec5 (webtiles) character file.

Game seed: 13520697655909169187, levelgen mode: deterministic

80 AuftragZ the Charmwright (level 4, -3/37 HPs)
             Began as a Draconian Skald on Jan 25, 2020.
             Killed from afar by an orc wizard (6 damage)
             ... with a magic dart
             ... on level 2 of the Dungeon.
             The game lasted 00:09:07 (1930 turns).

AuftragZ the Charmwright (Draconian Skald)          Turns: 1930, Time: 00:09:08

Health: -3/37      AC:  5    Str: 13 (14) XL:     4   Next: 18%
Magic:  6/6        EV: 12    Int: 10 (11) God:
Gold:   105        SH:  0    Dex: 10 (11) Spells: 4/7 levels left

rFire    + . .     SeeInvis .   b - +2 dagger (drain)
rCold    . . .     Gourm    .   (no shield)
rNeg     . . .     Faith    .   (armour unavailable)
rPois    .         Spirit   .   (helmet restricted)
rElec    .         Reflect  .   (no cloak)
rCorr    .         Harm     .   (no gloves)
MR       .....                  (no boots)
Stlth    +.........             (no amulet)
HPRegen  0.12/turn              (no ring)
MPRegen  0.10/turn              (no ring)

@: lethally poisoned (-3 -> -4), singing (expiring), lightly drained
A: unfitting armour, big wings, dopey 1, fire resistance 1, low mp 1,
cold-blooded, AC +5
a: Fly


You were on level 2 of the Dungeon.
You were near starving.

You visited 1 branch of the dungeon, and saw 3 of its levels.

You collected 105 gold pieces.

Inventory:

Hand Weapons
 a - a +1 hand axe
 b - a +2 dagger of draining (weapon)
Missiles
 h - 18 poisoned darts (quivered)
Scrolls
 e - a scroll of teleportation
Potions
 d - 2 potions of mutation
 f - a potion of cancellation
Comestibles
 c - 4 rations


   Skills:
 + Level 2.5 Fighting
 + Level 0.1 Short Blades
 + Level 2.5 Axes
 + Level 3.0 Dodging
 + Level 0.2(0.1) Stealth
 + Level 2.2(2.1) Spellcasting
 + Level 3.3 Charms


You had 4 spell levels left.
You knew the following spells:

 Your Spells              Type           Power        Failure   Level  Hunger
a - Infusion              Chrm           #...         8%          1    ##.....
b - Song of Slaying       Chrm           #.......     12%         2    ###....

Your spell library contained the following spells:

 Spells                   Type           Power        Failure   Level  Hunger
 Shroud of Golubria       Chrm/Tloc      #.....       24%         2    ###....
 Regeneration             Chrm/Necr      #.........   43%         3    ####...
 Spectral Weapon          Hex/Chrm       #.......     43%         3    ####...


Dungeon Overview and Level Annotations

Branches:
Dungeon (3/15)

Altars:
Fedhas
Kikubaaqudgha


Innate Abilities, Weirdness & Mutations

Your plain brown scales are hard. (AC +5)
You cannot fit into any form of body armour.
You are cold-blooded and may be slowed by cold attacks.
Your large and strong wings let you fly indefinitely.
You are dopey. (Int -2)
Your flesh is heat resistant. (rF+)
Your magical capacity is low. (-10% MP)


Message History

There is a stone staircase leading down, spattered with blood here.
Unknown command.
You hit the orc wizard.
The orc wizard is lightly wounded.
The bat misses you.
The orc wizard hits you with a +0 dagger.
* * * LOW HITPOINT WARNING * * *
The orc wizard hits you but does no damage.
There are monsters nearby!
You hit the orc wizard.
The orc wizard is moderately wounded.
The bat misses you. The orc wizard misses you.
You miss the orc wizard.
You tail-slap the orc wizard, but do no damage.
The orc wizard is moderately wounded.
The bat misses you.
The orc wizard hits you but does no damage.
The orc wizard points at you and mumbles some strange words.
The magic dart hits you.
You die...

##### ....##
#######
.....#######....†#
..............b[@#
....########...o†#
########.........##
..................#
######...#........#
##.......#........#
...#.#####........#
..................#
.#########........#


You could see an orc wizard and a bat.

Vanquished Creatures
  An adder (D:2)
  An ooze (D:2)
  A worm (D:2)
  2 dart slugs
  3 orcs
  A giant cockroach (D:1)
  8 goblins
  7 hobgoblins
  6 jackals
  6 kobolds
  A ball python (D:1)
  9 bats
  3 frilled lizards
  A leopard gecko skeleton (D:2)
  4 rats
54 creatures vanquished.

Notes
Turn   | Place    | Note
-------+----------+-------------------------------------------
     0 | D:1      | AuftragZ the Draconian Skald began the quest for the Orb.
     0 | D:1      | Reached XP level 1. HP: 17/17 MP: 3/3
     4 | D:1      | Noticed an anaconda
     7 | D:1      | Noticed a death yak
    90 | D:1      | Reached XP level 2. HP: 20/24 MP: 5/5
   283 | D:1      | Learned a level 2 spell: Song of Slaying
   803 | D:2      | Found an ancient bone altar of Kikubaaqudgha.
   817 | D:2      | Reached XP level 3. HP: 19/30 MP: 3/6
  1023 | D:2      | Found a blossoming altar of Fedhas.
  1034 | D:2      | Gained mutation: Your large and strong wings let you fly
                  | indefinitely. [potion of mutation]
  1034 | D:2      | Gained mutation: Your magical capacity is low. (-10% MP)
                  | [potion of mutation]
  1034 | D:2      | Gained mutation: You are dopey. (Int -2) [potion of
                  | mutation]
  1034 | D:2      | Gained mutation: Your flesh is heat resistant. (rF+)
                  | [potion of mutation]
  1657 | D:3      | Reached XP level 4. HP: 37/37 MP: 3/6
  1930 | D:2      | Killed from afar by an orc wizard

Levels and vault maps discovered:
D:1:      sevenhm_arrival_forest_fort_small_2, layout_loops_ring
D:2:      layout_rooms, grunt_temple_overflow_growth_and_decay
D:3:      layout_rooms, nemelex_xobeh_ov_fountains_minmay, lemuel_doored_altar,
          overflow_temple_1_default, first_ration

Skill      XL: |  1  2  3  4 |
---------------+-------------+-----
Charms         | 3 |  3.3
Dodging        | 3 |  3.0
Fighting       | |  2.5
Short Blades   | |  0.1
Axes           | |  2.5
Stealth        | |  0.2
Spellcasting   | |  2.2

Action                   |  1- 3 |  4- 6 || total
-------------------------+-------+-------++-------
Melee: Hand axe          |    56 |       ||    56
       Tailslap          |    13 |     3 ||    16
       Dagger            |    44 |    30 ||    74
 Cast: Song of Slaying   |     2 |     1 ||     3
       Infusion          |       |     1 ||     1
  Use: Scroll            |     7 |       ||     7
       Potion            |     4 |       ||     4
  Eat: Chunk             |     2 |       ||     2
Armor: Skin              |    44 |    49 ||    93
Dodge: Dodged            |   102 |    77 ||   179
